[ AOE2 MATCH · #477541323 ]
Team RMSicilians vs Cumans
[ REPLAY ANALYSIS · EXTRACTED FROM THE RECORDED GAME ]
Feudal
11:11
Castle
—
Imperial
—
| APM avg | 2.2 |
| APM peak | 35 |
| eAPM avg | 1.3 |
| Villagers / military | 11 / 1 |
Focus
⚔️ 20.8% · 🌾 79.2%
Serjeant ×1
Feudal
11:59
Castle
27:36
Imperial
41:54
| APM avg | 29.2 |
| APM peak | 66 |
| eAPM avg | 16.4 |
| Villagers / military | 153 / 208 |
Focus
⚔️ 23.5% · 🌾 76.5%
Spearman ×127 · Kipchak ×32 · Knight ×20 · Scout Cavalry ×19 · Battering Ram ×7 · Monk ×2
Feudal
9:42
Castle
23:50
Imperial
47:03
| APM avg | 46.1 |
| APM peak | 101 |
| eAPM avg | 24.9 |
| Villagers / military | 95 / 109 |
Focus
⚔️ 21.4% · 🌾 78.6%
Knight ×47 · Coustillier ×30 · Flemish Militia ×21 · Battering Ram ×4 · Monk ×3 · Scorpion ×2
Feudal
11:43
Castle
27:26
Imperial
49:19
| APM avg | 15.2 |
| APM peak | 38 |
| eAPM avg | 9.5 |
| Villagers / military | 159 / 40 |
Focus
⚔️ 18.7% · 🌾 81.3%
Militia ×19 · Archer ×5 · Spearman ×5 · Knight ×4 · Scout Cavalry ×4 · Monk ×2
Match map
Initial resources + every placement click. Lines = walls · curves = elevation contours. ◆ gold · ⬟ stone · ● berries · ✦ relic · ◌ wall gap
Your base· Open — unwalled flank
CaptainHuman's base· Open — 2t gap
FreeAlliance's base· Open — unwalled flank
prayforgood's base· Open — unwalled flank
Smoothed initial terrain · ◌ = detected wall gap · hover for details
Inputs per minute
— Geronimo - - CaptainHuman
Build order — Geronimo
25 actions detected in the replay
| 0:16 | Build | House |
| 0:22 | Create | Villager (Male) |
| 1:10 | Create | Villager (Male) |
| 1:11 | Create | Villager (Male) |
| 1:13 | Create | Villager (Male) |
| 1:53 | Build | Mill |
| 3:27 | Create | Villager (Male) |
| 3:27 | Create | Villager (Male) |
| 4:11 | Build | House |
| 5:30 | Create | Villager (Male) |
| 8:04 | Build | Lumber Camp |
| 8:41 | Build | Farm |
| 8:51 | Build | Farm |
| 9:01 | Research | Feudal Age |
| 9:19 | Build | Farm |
| 9:36 | Create | Villager (Male) |
| 9:36 | Create | Villager (Male) |
| 9:37 | Create | Villager (Male) |
| 9:37 | Create | Villager (Male) |
| 10:28 | Build | Farm |
| 11:11 | Age | Feudal Age |
| 11:14 | Research | Double-Bit Axe |
| 13:20 | Build | Donjon |
| 15:15 | Create | Serjeant |
| 16:05 | Build | Barracks |
Build order — CaptainHuman
First 150 of 363 actions detected
| 0:02 | Create | Villager (Male) |
| 0:03 | Create | Villager (Male) |
| 0:03 | Create | Villager (Male) |
| 0:04 | Create | Villager (Male) |
| 0:06 | Build | House |
| 0:18 | Research | Loom |
| 0:38 | Build | House |
| 0:39 | Build | House |
| 0:41 | Build | House |
| 1:34 | Create | Villager (Male) |
| 2:14 | Build | House |
| 2:19 | Build | House |
| 2:25 | Create | Villager (Male) |
| 2:27 | Create | Villager (Male) |
| 3:02 | Create | Villager (Male) |
| 3:24 | Build | House |
| 3:25 | Build | House |
| 3:46 | Create | Villager (Male) |
| 3:46 | Create | Villager (Male) |
| 4:16 | Create | Villager (Male) |
| 4:39 | Create | Villager (Male) |
| 4:58 | Create | Villager (Male) |
| 5:18 | Create | Villager (Male) |
| 5:18 | Create | Villager (Male) |
| 5:59 | Create | Villager (Male) |
| 7:16 | Create | Villager (Male) |
| 7:33 | Create | Villager (Male) |
| 7:33 | Create | Villager (Male) |
| 8:30 | Build | Lumber Camp |
| 8:38 | Create | Villager (Male) |
| 8:53 | Build | Mill |
| 9:03 | Create | Villager (Male) |
| 9:49 | Research | Feudal Age |
| 10:31 | Build | Farm |
| 10:36 | Build | Farm |
| 10:42 | Build | Farm |
| 10:45 | Build | Farm |
| 10:53 | Build | Farm |
| 10:55 | Create | Villager (Male) ×4 |
| 11:22 | Build | Farm |
| 11:33 | Build | Farm |
| 11:35 | Build | Farm |
| 11:59 | Age | Feudal Age |
| 12:02 | Build | Town Center |
| 12:05 | Create | Villager (Male) |
| 13:02 | Build | House |
| 13:04 | Build | House |
| 13:25 | Create | Villager (Male) |
| 13:29 | Create | Villager (Male) ×5 |
| 13:56 | Create | Villager (Male) |
| 13:58 | Create | Villager (Male) |
| 14:18 | Build | Mining Camp |
| 14:23 | Research | Wheelbarrow |
| 14:27 | Create | Villager (Male) |
| 14:28 | Create | Villager (Male) |
| 14:29 | Create | Villager (Male) |
| 14:35 | Build | House |
| 14:37 | Build | House |
| 14:38 | Build | House |
| 14:40 | Build | House |
| 14:41 | Build | House |
| 14:49 | Create | Villager (Male) |
| 15:00 | Research | Double-Bit Axe |
| 15:00 | Research | Double-Bit Axe |
| 15:13 | Research | Horse Collar |
| 15:36 | Build | Barracks |
| 15:45 | Create | Villager (Male) |
| 16:08 | Create | Villager (Male) |
| 16:10 | Create | Villager (Male) |
| 16:48 | Build | Stable |
| 16:48 | Build | Stable |
| 16:52 | Build | Farm |
| 16:54 | Build | Farm |
| 16:55 | Create | Villager (Male) |
| 16:56 | Create | Villager (Male) |
| 17:01 | Build | Farm |
| 17:04 | Build | Farm |
| 17:13 | Build | Farm |
| 17:16 | Build | Farm |
| 17:17 | Build | Farm |
| 17:18 | Build | Farm |
| 17:21 | Create | Villager (Male) |
| 17:22 | Create | Villager (Male) |
| 17:40 | Build | Blacksmith |
| 17:44 | Build | Market |
| 17:55 | Create | Scout Cavalry |
| 17:58 | Create | Villager (Male) |
| 18:00 | Create | Villager (Male) |
| 18:07 | Build | Farm |
| 18:15 | Build | Farm |
| 18:18 | Build | Farm |
| 18:22 | Create | Villager (Male) |
| 18:24 | Create | Villager (Male) |
| 18:36 | Build | Farm |
| 18:40 | Build | Farm |
| 18:42 | Create | Villager (Male) |
| 18:46 | Create | Villager (Male) |
| 18:53 | Create | Villager (Male) |
| 19:06 | Build | Mill |
| 19:12 | Build | Farm |
| 19:18 | Build | Farm |
| 19:19 | Build | Farm |
| 19:20 | Build | Farm |
| 19:21 | Build | Farm |
| 19:23 | Build | Farm |
| 19:25 | Create | Villager (Male) |
| 19:26 | Create | Villager (Male) |
| 19:27 | Create | Villager (Male) |
| 19:27 | Create | Villager (Male) |
| 19:28 | Create | Villager (Male) |
| 19:34 | Create | Scout Cavalry |
| 19:52 | Build | Farm |
| 19:56 | Research | Scale Barding Armor |
| 20:05 | Create | Villager (Male) |
| 20:20 | Build | Farm |
| 20:27 | Create | Scout Cavalry |
| 20:27 | Create | Scout Cavalry |
| 20:36 | Build | House |
| 20:38 | Build | House |
| 20:41 | Build | House |
| 20:49 | Build | Farm |
| 20:56 | Build | Farm |
| 21:00 | Research | Bloodlines |
| 21:00 | Create | Scout Cavalry |
| 21:10 | Create | Scout Cavalry |
| 21:11 | Create | Scout Cavalry |
| 21:12 | Create | Villager (Male) |
| 21:20 | Create | Villager (Male) |
| 21:36 | Build | Farm |
| 21:38 | Build | Farm |
| 21:43 | Build | Farm |
| 21:46 | Create | Scout Cavalry |
| 21:46 | Create | Scout Cavalry |
| 21:46 | Create | Scout Cavalry |
| 21:53 | Create | Villager (Male) |
| 21:55 | Create | Villager (Male) |
| 22:05 | Build | Mill |
| 22:07 | Build | Farm |
| 22:08 | Build | Farm |
| 22:09 | Build | Farm |
| 22:10 | Build | Farm |
| 22:12 | Build | Farm |
| 22:12 | Build | Farm |
| 22:14 | Create | Villager (Male) |
| 22:15 | Create | Villager (Male) |
| 22:16 | Create | Villager (Male) |
| 22:26 | Create | Scout Cavalry |
| 22:26 | Create | Scout Cavalry |
| 22:31 | Create | Villager (Male) |
| 22:43 | Build | Mining Camp |
Build order — FreeAlliance
First 150 of 323 actions detected
| 0:03 | Build | House |
| 0:04 | Build | House |
| 0:05 | Create | Villager (Male) |
| 0:06 | Create | Villager (Male) |
| 0:06 | Create | Villager (Male) |
| 0:33 | Create | Villager (Male) |
| 1:29 | Create | Villager (Male) |
| 1:29 | Create | Villager (Male) |
| 1:57 | Create | Villager (Male) |
| 1:57 | Create | Villager (Male) |
| 2:23 | Create | Villager (Male) |
| 2:51 | Build | Mill |
| 3:42 | Create | Villager (Male) |
| 3:42 | Create | Villager (Male) |
| 3:42 | Create | Villager (Male) |
| 4:15 | Create | Villager (Male) |
| 4:15 | Create | Villager (Male) |
| 4:16 | Create | Villager (Male) |
| 4:22 | Build | House |
| 5:38 | Create | Villager (Male) |
| 5:39 | Create | Villager (Male) |
| 6:00 | Build | Lumber Camp |
| 6:33 | Create | Villager (Male) |
| 7:07 | Research | Loom |
| 7:13 | Research | Feudal Age |
| 7:29 | Build | Mining Camp |
| 8:04 | Build | House |
| 8:17 | Build | House |
| 8:22 | Create | Villager (Male) |
| 8:23 | Create | Villager (Male) |
| 8:33 | Build | Farm |
| 8:45 | Build | Farm |
| 9:06 | Build | Farm |
| 9:22 | Create | Villager (Male) |
| 9:42 | Age | Feudal Age |
| 9:48 | Build | Farm |
| 10:02 | Build | Lumber Camp |
| 10:09 | Create | Villager (Male) |
| 10:16 | Build | Farm |
| 10:38 | Create | Villager (Male) |
| 10:45 | Research | Double-Bit Axe |
| 10:52 | Create | Villager (Male) |
| 11:35 | Build | Farm |
| 11:51 | Create | Villager (Male) |
| 12:20 | Build | Barracks |
| 12:25 | Build | House |
| 12:50 | Create | Villager (Male) |
| 12:51 | Create | Villager (Male) |
| 12:53 | Research | Wheelbarrow |
| 12:55 | Research | Horse Collar |
| 12:55 | Research | Horse Collar |
| 13:00 | Build | Farm |
| 13:08 | Build | Farm |
| 13:35 | Create | Flemish Militia |
| 13:35 | Create | Flemish Militia |
| 13:35 | Create | Flemish Militia |
| 13:35 | Create | Flemish Militia |
| 13:39 | Create | Villager (Male) |
| 13:50 | Build | House |
| 13:53 | Build | House |
| 13:59 | Create | Flemish Militia |
| 14:01 | Create | Villager (Male) |
| 14:01 | Create | Villager (Male) |
| 14:09 | Build | Farm |
| 14:12 | Build | Farm |
| 14:18 | Build | Blacksmith |
| 14:27 | Create | Villager (Male) |
| 14:56 | Create | Flemish Militia |
| 14:56 | Create | Flemish Militia |
| 15:00 | Research | Arson |
| 15:11 | Create | Villager (Male) |
| 15:11 | Create | Villager (Male) |
| 15:16 | Build | Farm |
| 15:19 | Build | Farm |
| 15:23 | Build | Farm |
| 15:25 | Build | Farm |
| 15:51 | Create | Villager (Male) |
| 16:10 | Build | Market |
| 16:13 | Build | House |
| 16:16 | Create | Villager (Male) |
| 16:17 | Create | Villager (Male) |
| 16:38 | Create | Villager (Male) |
| 17:17 | Research | Hand Cart |
| 17:18 | Create | Villager (Male) |
| 17:27 | Build | Farm |
| 17:42 | Create | Flemish Militia |
| 17:42 | Create | Flemish Militia |
| 17:43 | Create | Flemish Militia |
| 17:55 | Research | Forging |
| 17:55 | Research | Forging |
| 17:57 | Research | Heavy Plow |
| 17:59 | Create | Villager (Male) |
| 17:59 | Create | Villager (Male) |
| 18:09 | Build | Stable |
| 18:13 | Build | Stable |
| 18:32 | Create | Villager (Male) |
| 18:32 | Create | Villager (Male) |
| 19:14 | Create | Flemish Militia |
| 19:14 | Create | Flemish Militia |
| 19:28 | Create | Villager (Male) |
| 19:37 | Create | Flemish Militia |
| 20:09 | Create | Flemish Militia |
| 20:09 | Create | Flemish Militia |
| 20:10 | Create | Flemish Militia |
| 20:20 | Create | Villager (Male) |
| 20:34 | Research | Castle Age |
| 20:35 | Research | Castle Age |
| 21:03 | Create | Flemish Militia |
| 21:03 | Create | Flemish Militia |
| 21:03 | Create | Flemish Militia |
| 21:30 | Create | Villager (Male) |
| 21:32 | Create | Villager (Male) |
| 22:15 | Create | Villager (Male) |
| 22:17 | Create | Flemish Militia |
| 22:17 | Create | Flemish Militia |
| 22:36 | Research | Scale Mail Armor |
| 22:36 | Research | Scale Mail Armor |
| 22:42 | Create | Villager (Male) |
| 22:42 | Create | Villager (Male) |
| 22:55 | Build | Farm |
| 22:59 | Build | Mining Camp |
| 23:23 | Build | Farm |
| 23:50 | Age | Castle Age |
| 23:52 | Research | Stone Mining |
| 23:53 | Research | Gold Mining |
| 23:57 | Research | Gold Mining |
| 23:59 | Research | Bow Saw |
| 24:32 | Build | House |
| 25:16 | Create | Knight |
| 25:16 | Create | Knight |
| 25:18 | Research | Cavalier (upgrade) |
| 25:20 | Research | Husbandry |
| 25:44 | Create | Villager (Male) |
| 25:44 | Create | Villager (Male) |
| 25:55 | Build | House |
| 25:58 | Build | House |
| 26:04 | Build | Lumber Camp |
| 26:14 | Build | Stable |
| 26:15 | Build | Stable |
| 26:51 | Build | Farm |
| 26:51 | Build | Farm |
| 26:59 | Build | Farm |
| 27:03 | Build | Farm |
| 27:13 | Create | Villager (Male) |
| 27:15 | Research | Hand Cart |
| 27:19 | Research | Scale Barding Armor |
| 27:19 | Research | Iron Casting |
| 27:45 | Create | Knight |
| 27:45 | Create | Knight |
| 28:05 | Build | Monastery |
Build order — prayforgood
First 150 of 237 actions detected
| 0:02 | Create | Villager (Male) ×4 |
| 0:02 | Create | Villager (Male) ×4 |
| 0:05 | Build | House |
| 0:09 | Build | House |
| 1:25 | Create | Villager (Male) |
| 1:53 | Create | Villager (Male) |
| 1:56 | Build | Lumber Camp |
| 2:35 | Create | Villager (Male) |
| 3:02 | Create | Villager (Male) |
| 3:12 | Build | House |
| 3:17 | Create | Villager (Male) |
| 4:08 | Build | Mill |
| 4:10 | Create | Villager (Male) |
| 4:53 | Create | Villager (Male) ×2 |
| 5:34 | Create | Villager (Male) |
| 6:04 | Create | Villager (Male) ×3 |
| 6:13 | Build | House |
| 7:28 | Create | Villager (Male) |
| 7:28 | Create | Villager (Male) |
| 7:29 | Create | Villager (Male) |
| 7:36 | Build | Mining Camp |
| 8:01 | Create | Villager (Male) |
| 8:03 | Create | Villager (Male) |
| 8:54 | Build | Barracks |
| 9:07 | Research | Feudal Age |
| 9:11 | Create | Villager (Male) |
| 9:13 | Create | Villager (Male) |
| 9:14 | Research | Loom |
| 9:19 | Build | Mining Camp |
| 9:27 | Build | House |
| 9:29 | Build | House |
| 10:17 | Build | Lumber Camp |
| 10:21 | Create | Militia ×5 |
| 11:09 | Create | Militia |
| 11:23 | Build | Mill |
| 11:43 | Age | Feudal Age |
| 11:53 | Research | Double-Bit Axe |
| 12:28 | Create | Villager (Male) |
| 13:16 | Create | Villager (Male) |
| 13:16 | Create | Villager (Male) |
| 13:28 | Build | Archery Range |
| 13:31 | Build | Blacksmith |
| 14:03 | Create | Villager (Male) |
| 14:04 | Create | Villager (Male) |
| 14:45 | Build | Mining Camp |
| 15:00 | Build | House |
| 15:03 | Build | House |
| 15:05 | Build | House |
| 16:04 | Create | Militia ×5 |
| 16:32 | Build | Farm |
| 16:33 | Build | Farm |
| 16:33 | Build | Farm |
| 16:34 | Build | Farm |
| 16:35 | Build | Farm |
| 17:42 | Create | Villager (Male) |
| 17:54 | Build | Watch Tower |
| 18:31 | Build | Stable |
| 18:41 | Research | Forging |
| 18:43 | Create | Militia |
| 19:06 | Build | Mill |
| 19:23 | Create | Villager (Male) |
| 20:10 | Create | Villager (Male) ×2 |
| 20:26 | Build | Farm |
| 20:26 | Build | Farm |
| 20:26 | Build | Farm |
| 20:28 | Build | Farm |
| 20:34 | Research | Wheelbarrow |
| 21:10 | Create | Villager (Male) |
| 21:10 | Create | Villager (Male) |
| 21:17 | Build | Watch Tower |
| 21:37 | Build | Mill |
| 21:39 | Build | Farm |
| 21:39 | Build | Farm |
| 21:39 | Build | Farm |
| 21:40 | Build | Farm |
| 21:40 | Build | Farm |
| 21:41 | Build | Farm |
| 21:42 | Build | Farm |
| 21:43 | Build | Farm |
| 22:06 | Create | Scout Cavalry |
| 22:19 | Create | Militia ×5 |
| 22:23 | Create | Archer ×5 |
| 22:47 | Create | Villager (Male) |
| 23:00 | Build | Farm |
| 23:00 | Build | Farm |
| 23:01 | Build | Farm |
| 23:01 | Build | Farm |
| 23:02 | Build | Farm |
| 23:12 | Create | Villager (Male) |
| 23:38 | Build | Watch Tower |
| 23:51 | Create | Villager (Male) |
| 23:51 | Create | Villager (Male) |
| 24:26 | Build | Farm |
| 24:32 | Research | Castle Age |
| 24:53 | Build | Watch Tower |
| 25:14 | Build | Farm |
| 25:42 | Create | Militia ×2 |
| 26:44 | Build | Watch Tower |
| 26:52 | Create | Spearman ×5 |
| 26:55 | Build | Barracks |
| 27:13 | Build | Mining Camp |
| 27:26 | Age | Castle Age |
| 27:30 | Create | Villager (Male) ×5 |
| 27:35 | Research | Bow Saw |
| 27:42 | Create | Villager (Male) |
| 27:42 | Create | Villager (Male) |
| 27:52 | Build | Lumber Camp |
| 28:23 | Build | House |
| 28:25 | Build | House |
| 28:26 | Build | House |
| 28:51 | Build | House |
| 28:52 | Build | House |
| 28:54 | Build | House |
| 28:56 | Build | House |
| 28:57 | Build | House |
| 29:56 | Research | Hand Cart |
| 30:14 | Build | Farm |
| 30:14 | Build | Farm |
| 30:24 | Build | Farm |
| 31:01 | Build | Farm |
| 31:06 | Create | Villager (Male) ×5 |
| 31:31 | Build | Town Center |
| 31:51 | Create | Villager (Male) ×5 |
| 32:03 | Create | Knight ×4 |
| 32:05 | Research | Husbandry |
| 32:21 | Build | Town Center |
| 32:36 | Create | Villager (Male) ×5 |
| 33:12 | Create | Villager (Male) ×5 |
| 33:34 | Create | Villager (Male) ×5 |
| 34:30 | Build | Town Center |
| 34:51 | Create | Villager (Male) ×5 |
| 35:02 | Build | Barracks |
| 35:04 | Build | Barracks |
| 35:09 | Build | Barracks |
| 35:12 | Build | Barracks |
| 35:31 | Create | Villager (Male) ×5 |
| 35:45 | Build | Mining Camp |
| 35:47 | Research | Gold Mining |
| 35:47 | Research | Stone Mining |
| 35:51 | Research | Fletching |
| 35:52 | Research | Padded Archer Armor |
| 35:54 | Research | Scale Mail Armor |
| 35:56 | Research | Iron Casting |
| 36:11 | Build | Monastery |
| 36:13 | Build | University |
| 36:23 | Build | Krepost |
| 37:24 | Create | Villager (Male) ×5 |
| 37:39 | Create | Monk |
| 37:40 | Create | Monk |
| 37:48 | Build | Mill |
Match timeline
| 8:54 | prayforgood · first_building Barracks |
| 9:42 | FreeAlliance · age_up feudal |
| 11:11 | Geronimo · age_up feudal |
| 11:43 | prayforgood · age_up feudal |
| 11:59 | CaptainHuman · age_up feudal |
| 12:20 | FreeAlliance · first_building Barracks |
| 13:20 | Geronimo · first_building Donjon |
| 13:28 | prayforgood · first_building Archery Range |
| 15:36 | CaptainHuman · first_building Barracks |
| 16:05 | Geronimo · first_building Barracks |
| 16:48 | CaptainHuman · first_building Stable |
| 18:09 | FreeAlliance · first_building Stable |
| 18:31 | prayforgood · first_building Stable |
| 20:33 | FreeAlliance · first_market_buy 100 food |
| 23:12 | FreeAlliance · first_market_sell 100 wood |
| 23:50 | FreeAlliance · age_up castle |
| 26:29 | CaptainHuman · wall_segment Palisade Wall x5 |
| 27:08 | Geronimo · resign |
| 27:26 | prayforgood · age_up castle |
| 27:36 | CaptainHuman · age_up castle |
| 28:05 | FreeAlliance · first_building Monastery |
| 29:20 | CaptainHuman · first_building Castle |
| 31:16 | CaptainHuman · wall_segment Palisade Wall x25 |
| 31:19 | CaptainHuman · wall_segment Palisade Wall x9 |
| 31:33 | CaptainHuman · wall_segment Palisade Wall x11 |
| 31:36 | CaptainHuman · wall_segment Palisade Wall x8 |
| 31:41 | CaptainHuman · wall_segment Palisade Wall x6 |
| 32:14 | CaptainHuman · first_building Monastery |
| 33:34 | FreeAlliance · first_building Castle |
| 34:33 | CaptainHuman · wall_segment Palisade Wall x9 |
| 35:02 | FreeAlliance · first_building Siege Workshop |
| 35:57 | CaptainHuman · first_building Siege Workshop |
| 36:11 | prayforgood · first_building Monastery |
| 36:23 | prayforgood · first_building Krepost |
| 40:28 | CaptainHuman · wall_segment Palisade Wall x14 |
| 40:29 | CaptainHuman · wall_segment Palisade Wall x7 |
| 41:54 | CaptainHuman · age_up imperial |
| 46:29 | prayforgood · first_building Castle |
| 47:03 | FreeAlliance · age_up imperial |
| 49:19 | prayforgood · age_up imperial |
[ AI ANALYSIS · 1 CREDIT ]
What really happened in this match?
Wolo.gg analyzes every decision: build order, eco, micro, common mistakes by bracket. Personalized analysis on WhatsApp or Discord in 30 seconds.
Civ guide
Sicilians
Map guide
Cliffbound
Perfil
Jugador #6314539